cohdb
Replays
Latest Replays
All Replays
Popular Replays
Top Player Replays
Match Explorer
How It Works
Community
CoH3 Stats
Reddit
Sign in to upload your games and track your stats! →
Sign in with Steam
Match 43068391
Unlisted
Match 43068391
Overview
Messages
Build Orders
End
Selects Airborne Battlegroup
Selects Pathfinders
Pathfinder Squad
Construct Barracks
Riflemen Squad
Riflemen Squad
Selects Paratrooper Squad Paradrop
Paratrooper Squad Paradrop
Paratrooper Squad Paradrop
Construct Medical Station
Infantry Support Center
Selects Anti-tank Gun Team Paradrop
Anti-tank Gun Team Paradrop
Selects Recon Loiter
Construct Tank Depot
Selects Supply Drop
Paratrooper Squad Paradrop
Anti-tank Gun Team Paradrop
Selects Carpet Bombing Run
Recon Loiter
M4A1 Sherman Medium Tank
Engineer Squad
Recon Loiter
M18 Hellcat Tank Destroyer
Recon Loiter
Anti-tank Gun Team Paradrop
おそらく最大の初心者
咚咚锵个腿
0
0
Comments
sign in to comment!
No comments posted yet!